 Dungeon Crawl Stone Soup version 0.29-a0-700-g2f1814c7b2 (webtiles) character file.

Game seed: 8183461204197451381

1159 porpoise the Spear-Bearer (level 8, 0/51 HPs)
             Began as a Tengu Abyssal Knight on June 26, 2022.
             Was an Elder of Lugonu.
             Slain by a gnoll
             ... wielding a +0 spear
             ... led by a gnoll shaman
              (4 damage)
             ... on level 6 of the Dungeon.
             The game lasted 00:14:52 (5388 turns).

porpoise the Spear-Bearer (Tengu Abyssal Knight)    Turns: 5388, Time: 00:14:53

Health: 0/51       AC:  7    Str: 15    XL:     8   Next: 39%
Magic:  10/10      EV: 13    Int: 13    God:    Lugonu [****..]
Gold:   277        SH:  0    Dex: 15    Spells: 7/7 levels left

rFire   . . .      SeeInvis .   a - +6 hammer "Beastslayer" {drain, Int+2}
rCold   + . .      Faith    .   (no shield)
rNeg    . . .      Spirit   .   y - +3 leather armour
rPois   .          Reflect  .   (helmet restricted)
rElec   .          Harm     .   g - +0 cloak
rCorr   .          Rampage  .   (no gloves)
Will    +....                   (boots unavailable)
Stlth   +.........              f - amulet of regeneration
HPRegen 0.97/turn               E - ring of willpower
MPRegen 0.12/turn               q - ring of protection from cold

@: flying quickly and evasively, quick
A: beak, talons 3, nimble flight
a: Renounce Religion, Depart the Abyss, Bend Space, Banish, Corrupt


You were on level 6 of the Dungeon.
You worshipped Lugonu.
Lugonu was greatly pleased with you.
You visited 1 branch of the dungeon, and saw 6 of its levels.
You visited the Abyss 1 time.

You collected 277 gold pieces.

Inventory:

Hand Weapons
 a - the +6 hammer "Beastslayer" (weapon) {drain, Int+2}
   (You found it on level 2 of the Dungeon)

   A truly terrible weapon, it drains the life of any living foe it strikes.
   Int:       It affects your intelligence (+2).
 b - a +1 hunting sling of freezing
 s - a +2 dagger of speed
 w - a +1 spear
 A - a +1 short sword of electrocution
Missiles
 h - a throwing net
 x - a boomerang
 H - 2 atropa-tipped darts
 K - 5 poisoned darts
Armour
 g - a +0 cloak (worn)
 k - a +0 ring mail
 m - a +0 leather armour of poison resistance
 r - an orb of guile
 y - a +3 leather armour (worn)
Jewellery
 f - an amulet of regeneration (around neck)
 j - a +6 ring of dexterity
 q - a ring of protection from cold (right hand)
 E - a ring of willpower (left hand)
Wands
 p - a wand of iceblast (11)
Scrolls
 c - a scroll of vulnerability
 d - a scroll of noise
 e - a scroll of teleportation
 o - a scroll of poison
 J - 2 scrolls of immolation
Potions
 i - 3 potions of curing
 n - a potion of mutation
 t - a potion of berserk rage {unknown}
 v - 2 potions of brilliance
 B - 2 potions of invisibility
 C - a potion of magic {unknown}


   Skills:
 + Level 6.1 Fighting
 * Level 8.7 Polearms
 - Level 2.1 Armour
 - Level 1.1 Dodging
 + Level 2.6 Invocations


You had 7 spell levels left.
You didn't know any spells.
Your spell library contained the following spells:

 Spells                   Type           Power      Damage    Failure   Level
 Sandblast                Erth           0%         2d4       36%         1
 Passwall                 Tmut/Erth      0%         N/A       50%         2
 Stone Arrow              Conj/Erth      0%         3d7       75%         3


Dungeon Overview and Level Annotations

Branches:
Dungeon (6/15)
 Temple: D:4-7

Altars:
Makhleb
Uskayaw

Annotations:
D:6 Menkaure


Innate Abilities, Weirdness & Mutations

You have a beak for a mouth.
You have claws for feet.
Your magical nature lets you fly swiftly and evasively.


Message History

The gnoll shaman is almost dead.
The gnoll shaman misses you. The gnoll closely misses you.
The gnoll hits you from afar with a +0 spear. x2
You barely miss the gnoll shaman.
You punch the gnoll shaman, but do no damage.
The gnoll shaman is almost dead.
The gnoll shaman closely misses you. The gnoll hits you with a +0 spear.
The gnoll closely misses you. x2
You sock the gnoll shaman!
You kill the gnoll shaman!
Lugonu accepts your kill. The gnoll hits you but does no damage.
The gnoll misses you. x2
The gnoll hits you but does no damage.
You closely miss the gnoll.
The gnoll hits you from afar with a +0 spear.
The gnoll hits you but does no damage. The gnoll barely misses you.
Menkaure hits you!
You barely miss the gnoll. You claw the gnoll.
The gnoll is moderately wounded.
The gnoll hits you but does no damage. x2; The gnoll closely misses you.
Menkaure hits you!
You hit Menkaure. Your kick misses Menkaure.
Menkaure is lightly damaged.
The gnoll closely misses you. Menkaure hits you.
* * * LOW HITPOINT WARNING * * *
The gnoll hits you with a +0 spear.
* * * LOW HITPOINT WARNING * * *
The gnoll misses you.
The gnoll hits you from afar with a +0 spear.
* * * LOW HITPOINT WARNING * * *
The gnoll barely misses you. Menkaure casts a spell at you.
Pain shoots through your body!
* * * LOW HITPOINT WARNING * * *
The gnoll closely misses you.
You hit Menkaure. You claw Menkaure.
Menkaure is heavily damaged.
Menkaure barely misses you.
The gnoll hits you from afar with a +0 spear.
You die...

#......#
#.####.#
###.####.#
#......#<#
#.#.##.###
#.#..#.#
#.#....#
#.#########
#g@)).....#
......M#######.#
>....gg.
...###.# .# #.#
... ... #.


You could see Menkaure (fast) and 3 gnolls.

Vanquished Creatures
  Sigmund (D:3)
  An ogre (D:4)
  A necrophage (D:5)
  4 scorpions
  A hound (D:4)
  2 jellies
  3 orc priests
  Crazy Yiuf (D:2)
  A gnoll shaman (D:6)
  2 iguanas (D:5)
  3 orc wizards (D:5)
  7 gnolls
  9 adders
  A shadow imp (D:5)
  An ufetubus (D:5)
  A worm (D:4)
  2 dart slugs
  13 orcs
  8 ball pythons
  5 bats
  9 endoplasms
  4 giant cockroaches
  3 goblins
  6 hobgoblins
  3 jackals (D:2)
  7 kobolds
  2 quokkas
  7 frilled lizards
  5 rats
113 creatures vanquished.

Notes
Turn   | Place    | Note
-------+----------+-------------------------------------------
     0 | Abyss:1  | porpoise the Tengu Abyssal Knight began the quest for the
                  | Orb.
     0 | Abyss:1  | Reached XP level 1. HP: 14/14 MP: 3/3
    32 | Abyss:1  | Noticed an ancient zyme
    35 | Abyss:1  | Noticed a small abomination
    38 | D:1      | Escaped the Abyss
   190 | D:1      | Reached XP level 2. HP: 10/19 MP: 4/4
   341 | D:1      | Found a faded altar of an unknown god.
   480 | D:1      | Reached skill level 3 in Polearms
   762 | D:1      | Reached XP level 3. HP: 23/23 MP: 5/5
  1326 | D:2      | Found a runed translucent door.
  1327 | D:2      | Noticed Crazy Yiuf
  1375 | D:2      | Reached *** piety under Lugonu
  1412 | D:2      | Reached skill level 4 in Polearms
  1412 | D:2      | Reached XP level 4. HP: 18/28 MP: 6/6
  2320 | D:2      | Killed Crazy Yiuf
  2321 | D:2      | Gained mutation: Your magical nature lets you fly swiftly
                  | and evasively. [Tengu growth]
  2321 | D:2      | Reached XP level 5. HP: 25/33 MP: 7/7
  2332 | D:2      | Identified the +6 hammer "Beastslayer" {drain, Int+2}
  2458 | D:3      | Noticed Sigmund
  2469 | D:3      | Killed Sigmund
  2470 | D:3      | Reached skill level 5 in Polearms
  2470 | D:3      | Reached XP level 6. HP: 33/39 MP: 8/8
  2570 | D:3      | Reached skill level 6 in Polearms
  3631 | D:4      | Reached skill level 5 in Fighting
  3631 | D:4      | Reached XP level 7. HP: 44/44 MP: 9/9
  3677 | D:4      | Reached skill level 7 in Polearms
  3884 | D:4      | Reached **** piety under Lugonu
  4406 | D:4      | Found a burning altar of Makhleb.
  4462 | D:5      | Entered Level 5 of the Dungeon
  4601 | D:5      | Reached skill level 8 in Polearms
  4606 | D:5      | Reached XP level 8. HP: 13/51 MP: 10/10
  4783 | D:5      | Found a hide-covered altar of Uskayaw.
  5378 | D:6      | Noticed Menkaure
  5387 | D:6      | HP: 2/51 [Menkaure/nerve-wracking pain (6)]
  5388 | D:6      | Slain by a gnoll

Illustrated notes

Levels and vault maps discovered:
D:1:      heliophobic_arrival_glass_houses, layout_basic,
          hellmonk_ecumenical_altar_lost_god, minmay_fountain_box
D:2:      layout_basic, minmay_split_cup_small, uniq_crazy_yiuf_cottage
D:3:      layout_basic, st_stairs_3, kennysheep_generic_room_7, uniq_sigmund
D:4:      layout_rooms, makhleb_blood_cavern_becter, serial_bayou_lake_a
D:5:      layout_gridville, kennysheep_mini
D:6:      layout_basic, kennysheep_slug_shrine,
          minmay_temple_entry_glassed_door, serial_shops,
          nicolae_shop_behind_doors, minmay_microvault, uniq_menkaure

Skill      XL: |  1  2  3  4  5  6  7  8 |
---------------+-------------------------+-----
Polearms       | 3 4 5 6 8 |  8.7
Fighting       | 4 5 6 |  6.1
Invocations    | 2 |  2.6
Armour         | |  2.1
Dodging        | |  1.1

Action                   |  1- 3 |  4- 6 |  7- 9 || total
-------------------------+-------+-------+-------++-------
Melee: Spear             |    74 |    55 |       ||   129
       Peck              |    10 |    17 |    20 ||    47
       Kick              |    13 |    21 |    25 ||    59
       Punch             |       |     2 |     1 ||     3
       Mace              |       |    53 |   103 ||   156
 Fire: Hunting sling     |       |       |     8 ||     8
  Use: Potion            |       |     2 |       ||     2
       Scroll            |       |       |    16 ||    16
 Stab: Sleeping          |     1 |       |       ||     1
Armor: Leather armour    |     1 |     7 |    37 ||    45
       Ring mail         |    10 |    19 |       ||    29
Dodge: Dodged            |    25 |    64 |    91 ||   180

Table legend: (Time is in decaauts)
 A = Elapsed time spent in this place.
 B = Non-inter-level travel time spent in this place.
 C = Inter-level travel time spent in this place.
 D = Time resting spent in this place.
 E = Time spent auto-exploring this place.
 F = Levels seen in this place.
 G = Mean time per level.
                   A        B        C        D        E       F      G
               +--------+--------+--------+--------+--------+-----+--------+
         Total |   5265 |   5132 |    133 |   1811 |   2338 |   7 |  752.1 |
       Dungeon |   5227 |   5094 |    133 |   1811 |   2314 |   6 |  871.2 |
         Abyss |     38 |     38 |      0 |      0 |     24 |   1 |   38.0 |
               +--------+--------+--------+--------+--------+-----+--------+

Top non-repeatable levels by time:
     D:2: 1295 daAuts
     D:1: 1072 daAuts
     D:3: 1011 daAuts
     D:4: 985 daAuts
     D:5: 797 daAuts
     D:6: 66 daAuts
 Abyss:1: 38 daAuts
